 Dungeon Crawl Stone Soup version 0.30-a0-862-g1aabd4f9c5 (webtiles) character file.

Game seed: 82933371972044387

18 Orangeyouglad the Twirler (level 2, 0/31 HPs)
             Began as an Ogre Gladiator on Mar 10, 2023.
             Slain by a crimson imp (2 damage)
             ... summoned by Natasha
             ... on level 2 of the Dungeon.
             The game lasted 00:03:16 (1158 turns).

Orangeyouglad the Twirler (Ogre Gladiator)          Turns: 1158, Time: 00:03:16

Health: 0/31       AC:  3    Str: 17    XL:     2   Next: 70%
Magic:  2/2        EV: 10    Int:  9    God:
Gold:   80         SH:  0    Dex: 10    Spells: 1/1 levels left

rFire   . . .      SeeInvis .    a - +0 quarterstaff
rCold   . . .      Faith    .    (shield currently unavailable)
rNeg    . . .      Spirit   .    b - +0 robe
rPois   .          Reflect  .    c - +0 hat
rElec   .          Rampage  .    (no cloak)
rCorr   .                        (gloves unavailable)
Will    .....                    (boots unavailable)
Stlth   +                        (no amulet)
HPRegen 0.25/turn                (no ring)
MPRegen 0.08/turn                (no ring)

@: no status effects
A: large, unfitting armour, tough skin 1
a: no special abilities


You were on level 2 of the Dungeon.
You visited 1 branch of the dungeon, and saw 2 of its levels.

You collected 80 gold pieces.

Inventory:

Hand Weapons
 a - a +0 quarterstaff (weapon)
Missiles
 d - a throwing net (quivered)
Armour
 b - a +0 robe (worn)
 c - a +0 hat (worn)
Scrolls
 g - a scroll of butterflies {unknown}
 h - a scroll of enchant armour {unknown}
 k - a scroll of teleportation {unknown}
 m - 2 scrolls of identify {unknown}
Potions
 f - 2 potions of flight {unknown}
 i - a potion of haste {unknown}
 j - a potion of curing {unknown}
 l - a potion of berserk rage {unknown}
 n - a potion of invisibility {unknown}


   Skills:
 + Level 3.1 Fighting
 + Level 3.2 Staves
 + Level 2.3 Throwing
 + Level 2.9 Dodging


You had one spell level left.
You didn't know any spells.
Your spell library contained the following spells:

 Spells                   Type           Power      Damage    Failure   Level
 Ignite Poison            Fire/Tmut/Pois 0%         N/A       77%         3
 Sticky Flame             Conj/Fire      0%         2d3       99%         4
 Ignition                 Fire           0%         3d3       100%        8


Dungeon Overview and Level Annotations

Branches:
Dungeon (2/15)

Altars:

Annotations:
D:2 Natasha


Innate Abilities, Weirdness & Mutations

You are too large for most types of armour.
You have tough skin. (AC +1)


Message History

The crimson imp barely misses you.
Throw: large rock
Press: ? - help, Q - select action, (/) - cycle Shift-Dir - straight line, f - Natasha
Aim: Natasha (50% to hit)
You throw a large rock. The large rock hits Natasha!
Natasha is heavily wounded.
Natasha closely misses you. The crimson imp barely misses you.
Natasha claws you but does no damage.
You hit Natasha.
Natasha is heavily wounded.
The crimson imp hits you. Natasha claws you.
The crimson imp closely misses you.
You hit Natasha but do no damage.
Natasha is heavily wounded.
Natasha barely misses you. The crimson imp closely misses you.
You closely miss Natasha.
Natasha is heavily wounded.
Natasha claws you! The crimson imp hits you.
You now have 80 gold pieces (gained 12).
Natasha claws you.
* * * LOW HITPOINT WARNING * * *
The crimson imp closely misses you.
Throw: 3 throwing nets
Press: ? - help, Q - select action Shift-Dir - straight line, f - crimson imp, p - Natasha
Aim: a crimson imp (summoned, 42% to hit)
You throw a throwing net.
The throwing net barely misses the crimson imp.
Natasha mumbles some strange words.
The crimson imp hits you.
* * * LOW HITPOINT WARNING * * *
Throw: 2 throwing nets
Press: ? - help, Q - select action Shift-Dir - straight line, f - Natasha, p - crimson imp
Aim: Natasha (heavily wounded, 50% to hit)
You throw a throwing net.
The throwing net closely misses Natasha.
The throwing net hits the shadow imp.
The shadow imp is caught in the net!
Natasha claws you.
* * * LOW HITPOINT WARNING * * *
The crimson imp hits you.
You die...

##########
#..5.h@5(# #
#.######.###### #
#.....).##.#########
#.###.#.............
#.##.....#######
#.###...## # ..#
##.## # ### #.# #
#.# #


You could see Natasha, a crimson imp (summoned) and a shadow imp (summoned,
caught).

Vanquished Creatures
  2 endoplasms (D:1)
  2 giant cockroaches (D:1)
  A hobgoblin (D:2)
  2 quokkas
  2 bats (D:1)
  A frilled lizard (D:1)
  4 goblins
  2 rats
16 creatures vanquished.

Notes
Turn   | Place    | Note
-------+----------+-------------------------------------------
     0 | D:1      | Orangeyouglad the Ogre Gladiator began the quest for the
                  | Orb.
     0 | D:1      | Reached XP level 1. HP: 22/22 MP: 1/1
   397 | D:1      | Reached XP level 2. HP: 29/29 MP: 2/2
  1148 | D:2      | Noticed Natasha
  1151 | D:2      | Noticed a crimson imp
  1158 | D:2      | Slain by a crimson imp

Illustrated notes

Levels and vault maps discovered:
D:1:      dpeg_arrival_water_fire, layout_basic
D:2:      layout_loops_corners, shapermc_ecumenical_altar_notcrosses,
          uniq_natasha

Skill      XL: |  1  2 |
---------------+-------+-----
Fighting       | 3 |  3.1
Staves         | |  3.2
Throwing       | |  2.3
Dodging        | |  2.9

Action                     || total
---------------------------++-------
  Melee: Quarterstaff      ||    39
  Throw: Throwing net      ||     2
         Large rock        ||     1
 Armour: Robe              ||    11
  Dodge: Dodged            ||    30

Table legend: (Time is in decaauts)
 A = Elapsed time spent in this place.
 B = Non-inter-level travel time spent in this place.
 C = Inter-level travel time spent in this place.
 D = Time resting spent in this place.
 E = Time spent auto-exploring this place.
 F = Levels seen in this place.
 G = Mean time per level.
                   A        B        C        D        E       F      G
               +--------+--------+--------+--------+--------+-----+--------+
         Total |   1164 |   1149 |     15 |      0 |    913 |   2 |  582.0 |
       Dungeon |   1164 |   1149 |     15 |      0 |    913 |   2 |  582.0 |
               +--------+--------+--------+--------+--------+-----+--------+

Top non-repeatable levels by time:
     D:1: 930 daAuts
     D:2: 233 daAuts
